 Dungeon Crawl Stone Soup version 0.27.1 (webtiles) character file.

Game seed: 3282245186569435583

253 mediusvir the Shield-Bearer (level 6, -12/79 HPs)
             Began as a Hill Orc Fighter on Aug 28, 2021.
             Engulfed by a cloud of flame (14 damage)
             ... on level 3 of the Dungeon.
             The game lasted 00:16:54 (4232 turns).

mediusvir the Shield-Bearer (Hill Orc Fighter)      Turns: 4232, Time: 00:16:55

Health: -12/79     AC: 23    Str: 21    XL:     6   Next: 14%
Magic:  6/6        EV:  2    Int:  8    God:
Gold:   89         SH:  9    Dex: 10    Spells: 5/5 levels left

rFire    . . .     SeeInvis .   i - +0 long sword
rCold    . . .     Faith    .   c - +0 kite shield
rNeg     + + +     Spirit   .   (armour currently unavailable)
rPois    +         Reflect  .   (helmet currently unavailable)
rElec    .         Harm     .   (cloak currently unavailable)
rCorr    .         Rampage  .   (gloves currently unavailable)
Will     .....     NoTele   +   (boots currently unavailable)
Stlth    +.........             (no amulet)
HPRegen  0.23/turn              (no ring)
MPRegen  0.10/turn              (no ring)

@: mighty, tree-form, attractive
A: stationary, stasis, torment immunity, boosted hp
a: no special abilities


You were on level 3 of the Dungeon.
You were a tree.
You visited 1 branch of the dungeon, and saw 3 of its levels.

You collected 89 gold pieces.

Inventory:

Hand Weapons
 i - a +0 long sword (weapon)
 k - a +0 dagger
 m - a +0 hunting sling
Missiles
 a - 7 boomerangs of dispersal (quivered)
 l - 65 stones
 n - 25 sling bullets
Armour
 b - a +0 scale mail (melded)
 c - a +0 kite shield (worn)
Scrolls
 j - 3 scrolls of identify
Potions
 e - a potion of lignification


   Skills:
 * Level 4.3 Fighting
 + Level 4.5 Long Blades
 + Level 4.2 Armour
 - Level 1.0 Dodging
 - Level 0.2 Stealth
 - Level 4.5 Shields


You had 5 spell levels left.
You didn't know any spells.
Your spell library was empty.

Dungeon Overview and Level Annotations

Branches:
Dungeon (3/15)

Altars:
Dithmenos
Nemelex Xobeh
Ru
Vehumet


Message History

It was a potion of ambrosia.
You are confused.
You feel invigorated. The phantom hits you.
* * * LOW HITPOINT WARNING * * *
You cannot move. (Use ctrl+direction or * direction to attack without moving.)
You cannot move. (Use ctrl+direction or * direction to attack without moving.)
You cannot move. (Use ctrl+direction or * direction to attack without moving.) It was a potion of curing.
You feel better.
You feel less invigorated. The phantom hits you.
* * * LOW HITPOINT WARNING * * *
As you read the scroll labelled LEIWNIKIFE, it crumbles to dust.
You feel a strange sense of stasis.
It was a scroll of teleportation.
You block the phantom's attack.
As you read the scroll labelled HOS SYAJOM, it crumbles to dust.
You feel aware of your surroundings.
It was a scroll of magic mapping.
The phantom hits you.
* * * LOW HITPOINT WARNING * * *
As you read the scroll labelled CAFATU FYUMAAR, it crumbles to dust.
It is a scroll of identify.
o - a scroll of immolation You block the phantom's attack.
As you read the scroll of immolation, it crumbles to dust.
The creatures around you are filled with an inner flame!
The phantom hits you.
* * * LOW HITPOINT WARNING * * *
You barely miss the phantom.
The phantom is almost destroyed.
You block the phantom's attack.
You closely miss the phantom.
The phantom is almost destroyed.
The phantom hits you but does no damage.
You slash the phantom!
The phantom explodes!
The fiery explosion engulfs the kobold!
The fiery explosion engulfs you!
* * * LOW HITPOINT WARNING * * *
The kobold explodes!
The fiery explosion engulfs the ball python!!
The ball python explodes!
You are engulfed in blazing flames.
You die...

..## #..##.#..###...#
#.##
...###..##........#.#
#.#.
....##..##.#.....##.#
#.#.
...###..............#
#.#.
.........§§≈≈§≈≈§≈..#
#.#.
.#####.#.§.....§.§.##
#.#.
###**#.#.§.≈§≈≈§§§.#
#.#.
..,,,,,#.≈.≈.._§§§.#
#.#.
##***,,#.≈.≈.≈≈§♣§.#*
#.#. # *,,*,..§.§...≈..#
#... # *,,*,≈≈§§§§≈≈≈..#
###. *,,*,≈.§§§§≈....#
####. ##
*,,*,≈.§≈≈.≈.≈..# #....
.####,,*,≈.§_..≈§≈..#
#.###
#....,,*,≈.§§§§≈§≈§.#**
#.###
.####***,≈......?§§..,**
#....
.....,,,,≈≈≈≈≈≈≈≈≈.#**,#
#####


There were no monsters in sight!

Vanquished Creatures
  A phantom (D:3)
  A water moccasin skeleton (D:3)
  An iguana (D:3)
  Natasha (thrice) (D:2)
  5 adders
  2 worms
  2 dart slugs
  An orc (D:3)
  3 bats
  6 endoplasms
  2 giant cockroaches
  10 goblins
  3 hobgoblins
  3 jackals (D:2)
  7 ball pythons
  5 frilled lizards
  6 kobolds
  4 rats
65 creatures vanquished.

Notes
Turn   | Place    | Note
-------+----------+-------------------------------------------
     0 | D:1      | mediusvir the Hill Orc Fighter began the quest for the Orb.
     0 | D:1      | Reached XP level 1. HP: 19/19 MP: 1/1
   104 | D:1      | Reached XP level 2. HP: 25/27 MP: 2/2
  1349 | D:2      | Found a radiant altar of Vehumet.
  1370 | D:2      | Reached XP level 3. HP: 6/33 MP: 3/3
  2299 | D:2      | Reached XP level 4. HP: 38/40 MP: 4/4
  2591 | D:2      | Noticed Natasha
  2618 | D:2      | Killed Natasha
  2755 | D:2      | Noticed Natasha
  2759 | D:2      | Killed Natasha
  2760 | D:2      | Reached XP level 5. HP: 39/46 MP: 5/5
  2962 | D:2      | Noticed Natasha
  2978 | D:2      | Killed Natasha
  3489 | D:3      | Reached skill level 1 in Dodging
  3732 | D:3      | Found a sacrificial altar of Ru.
  3741 | D:3      | Reached XP level 6. HP: 45/52 MP: 6/6
  3803 | D:3      | Found a shadowy altar of Dithmenos.
  4171 | D:3      | Found a sparkling altar of Nemelex Xobeh.
  4232 | D:3      | HP: 2/79 [spore (9)]
  4232 | D:3      | Engulfed by a cloud of flame

Illustrated notes

Levels and vault maps discovered:
D:1:      dpeg_arrival_refuge, layout_loops_corners, due_unseen_surprise
D:2:      layout_rooms, basic_altar, minmay_quantized, uniq_natasha
D:3:      layout_loops_ring, nicolae_ru_sacrificial_ziggurat,
          mainiacjoe_overflow_catwalk_spiral, grunt_ministairs_4,
          minmay_joined_circles

Skill      XL: |  1  2  3  4  5 |
---------------+----------------+-----
Long Blades    | 3 4 |  4.5
Shields        | 4 |  4.5
Armour         | 4 |  4.2
Fighting       | 4 |  4.3
Dodging        | 1 |  1.0
Stealth        | |  0.2

Action                   |  1- 3 |  4- 6 || total
-------------------------+-------+-------++-------
Melee: Long sword        |    97 |   132 ||   229
  Use: Potion            |       |     5 ||     5
       Scroll            |       |     4 ||     4
Armor: Scale mail        |    69 |    65 ||   134
       Skin              |       |     7 ||     7
Dodge: Dodged            |    55 |    42 ||    97
Block: Kite shield       |    71 |    78 ||   149
       Rpst.: Long sword |    18 |    16 ||    34
